 Dungeon Crawl Stone Soup version 0.28-a0-10-g964c8b829e (webtiles) character file.

Game seed: 5621551493801922184

42 bande the Covered (level 3, -1/23 HPs)
             Began as a Gargoyle Fighter on July 25, 2021.
             Slain by a hobgoblin (5 damage)
             ... led by Robin
             ... on level 2 of the Dungeon.
             The game lasted 00:02:02 (1555 turns).

bande the Covered (Gargoyle Fighter)                Turns: 1555, Time: 00:02:03

Health: -1/23      AC: 11    Str: 19    XL:     3   Next: 56%
Magic:  3/3        EV:  7    Int:  8    God:
Gold:   41         SH: 10    Dex: 10    Spells: 2/2 levels left

rFire   + . .      SeeInvis .   a - +0 war axe
rCold   . . .      Faith    .   c - +1 kite shield
rNeg    + . .      Spirit   .   g - +1 scale mail {rF+}
rPois   ∞          Reflect  .   (no helmet)
rElec   +          Harm     .   (no cloak)
rCorr   .          Rampage  .   (no gloves)
Will    .....                   (no boots)
Stlth   ..........              (no amulet)
HPRegen 0.07/turn               (no ring)
MPRegen 0.08/turn               (no ring)

@: no status effects
A: sickness immunity, AC +3, negative energy resistance 1, electricity
resistance, torment resistance 1, petrification resistance
a: no special abilities


You were on level 2 of the Dungeon.
You visited 1 branch of the dungeon, and saw 2 of its levels.

You collected 41 gold pieces.

Inventory:

Hand Weapons
 a - a +0 war axe (weapon)
Armour
 c - a +1 kite shield (worn)
 g - a +1 scale mail of fire resistance (worn)
Scrolls
 e - a scroll of teleportation
Potions
 b - a potion of haste {unknown}
 d - a potion of might
 f - a potion of degeneration {unknown}


   Skills:
 + Level 3.6 Fighting
 + Level 2.3 Axes
 + Level 3.8 Armour
 + Level 0.5 Dodging
 + Level 3.6 Shields


You had 2 spell levels left.
You didn't know any spells.
Your spell library was empty.

Dungeon Overview and Level Annotations

Branches:
Dungeon (2/15)

Altars:

Annotations:
D:2 Robin


Innate Abilities, Weirdness & Mutations

You are immune to sickness and miasma.
Your stone body is resilient. (AC +3)
You are immune to poison.
You resist negative energy. (rN+)
You are resistant to electric shocks. (rElec)
You are resistant to unholy torment.
You are immune to petrification.


Message History

You barely miss the goblin. The goblin hits you but does no damage.
The goblin hits you with a +0 club. x2
The quokka twitches its whiskers.
You block the quokka's attack. You block the goblin's attack.
The goblin hits you with a +0 club.
You closely miss the goblin. x2; You slash the goblin!
You kill the goblin!
You closely miss the quokka. You closely miss the goblin. x2
You hit the goblin. The goblin hits you but does no damage.
The quokka bites you but does no damage.
The goblin hits you but does no damage. x2
Robin says, "My army is invincible!"
The goblin completely misses you. The goblin hits you with a +0 club.
The goblin hits you but does no damage. The quokka completely misses you.
The goblin hits you but does no damage. You block the goblin's attack.
The hobgoblin hits you but does no damage.
Unknown command.
You hit the goblin.
The goblin is severely wounded.
You hit the goblin.
You kill the goblin!
You hit the goblin.
You kill the goblin!
You miss the goblin. You slash the hobgoblin!
You kill the hobgoblin!
You hit the quokka.
You kill the quokka!
You miss the goblin.
The goblin hits you but does no damage. x2
The goblin hits you with a +0 club. Robin throws the goblin at you!
The goblin hits you with a +0 dagger.
* * * LOW HITPOINT WARNING * * *
The goblin hits you but does no damage. The goblin barely misses you.
You barely miss the goblin. You closely miss the goblin. You hit the goblin.
You kill the goblin!
You slash the goblin!
You kill the goblin!
You closely miss the goblin. The goblin barely misses you.
You block the goblin's attack. x2; Robin hits you but does no damage.
The hobgoblin hits you.
You die...

..... ....
#... #..# ..
#..# ....
#..#
....###)g###
.....!g@)..#
.>....ggg..+
...........#
...........#
...........#
...........#
...........#
#######'####
.#
###.#####.##


You could see Robin, a hobgoblin (strong) and 3 goblins.

Vanquished Creatures
  A worm (D:2)
  2 dart slugs
  2 endoplasms (D:1)
  3 giant cockroaches (D:1)
  8 goblins (D:2)
  2 hobgoblins
  2 quokkas
  2 ball pythons (D:1)
  6 bats
  A frilled lizard (D:1)
  3 kobolds
  2 rats
34 creatures vanquished.

Notes
Turn   | Place    | Note
-------+----------+-------------------------------------------
     0 | D:1      | bande the Gargoyle Fighter began the quest for the Orb.
     0 | D:1      | Reached XP level 1. HP: 14/14 MP: 1/1
   411 | D:1      | Reached XP level 2. HP: 19/19 MP: 2/2
  1294 | D:2      | Reached XP level 3. HP: 23/23 MP: 3/3
  1545 | D:2      | Noticed Robin
  1555 | D:2      | Slain by a hobgoblin

Illustrated notes

Levels and vault maps discovered:
D:1:      saegor_arrival_simple_d, layout_loops_cross
D:2:      minmay_diamond_boxcup, layout_basic, uniq_robin

Skill      XL: |  1  2 |
---------------+-------+-----
Axes           | 2 |  2.3
Fighting       | |  3.6
Armour         | |  3.8
Dodging        | |  0.5
Shields        | |  3.6

Action                   || total
-------------------------++-------
Melee: War axe           ||    73
  Use: Potion            ||     2
       Scroll            ||     2
Armor: Scale mail        ||    70
Dodge: Dodged            ||    35
Block: Kite shield       ||    63

Table legend: (Time is in decaauts)
 A = Elapsed time spent in this place.
 B = Non-inter-level travel time spent in this place.
 C = Inter-level travel time spent in this place.
 D = Time resting spent in this place.
 E = Time spent auto-exploring this place.
 F = Levels seen in this place.
 G = Mean time per level.
                   A        B        C        D        E       F      G
               +--------+--------+--------+--------+--------+-----+--------+
         Total |   1601 |   1589 |     12 |    647 |    702 |   2 |  800.5 |
       Dungeon |   1601 |   1589 |     12 |    647 |    702 |   2 |  800.5 |
               +--------+--------+--------+--------+--------+-----+--------+

Top non-repeatable levels by time:
     D:1: 1258 daAuts
     D:2: 342 daAuts
